Cogmind - Beta 16 @@@ ROGUE MODE // 2026.01.22 @ 18:02:55 Player: YoKa Result: Destroyed by G-34 Mercenary with Small Laser Performance ------------- Evolutions (0) 0 Regions Visited (4) 800 Robots Destroyed (29) 145 Value Destroyed (611) 611 Prototype IDs (37) 740 Alien Tech Used (0) 0 Bonus (244) 244 TOTAL SCORE: 2540 Bonus ------- Follower Combat Kills 14 Aligned with FarCom 300 Friendly Fire -70 Cogmind --------- Core Integrity 0/250 Matter 277/300 Energy 125/125 System Corruption 6% Temperature Cool (6) Movement Core (400) Ox7 Location -9/Mines Parts ------- > --- POWER (1) -------- Light Ion Engine > --- PROPULSION (2) --- (None) > --- UTILITY (2) ------ Large Storage Unit > --- WEAPON (2) ------- (None) > --- INVENTORY (15) --- Light Deuterium Engine Combat Airjet Combat Airjet Small Matter Pod Small Matter Pod Launcher Guidance Computer Hacking Suite Trap Reconfigurator Datajack Peak State ------------ > --- POWER ------------ Ion Engine > --- PROPULSION ------- Light Treads Light Treads > --- UTILITY ---------- Large Storage Unit Seismic Detector > --- WEAPON ----------- Assault Rifle Grenade Launcher > --- INVENTORY -------- Light Ion Engine Light Treads Hacking Suite Medium Laser Assault Rifle Rocket Launcher Datajack [Rating: 8] Favorites ----------- Power Ion Engine Engine Ion Engine Propulsion Light Treads Treads Light Treads Utility Large Storage Unit Device Seismic Detector Storage Large Storage Unit Protection Light Armor Plating Weapon Assault Rifle Ballistic Gun Assault Rifle Launcher Grenade Launcher Special Melee Weapon Datajack Build | -11 -10 -10 -10 -9 ------- Run | Yrd Mat Min Exi Min Slots Evolved . | . . . . . Power . | . . . . . Propulsion . | . . . . . Utility . | . . . . . Weapon . | . . . . . Parts Attached 16 | 7 6 1 1 1 Power 3 | 2 1 . . . Engine 3 | 2 1 . . . Core . | . . . . . Reactor . | . . . . . Propulsion 4 | 2 1 . . 1 Treads 4 | 2 1 . . 1 Leg . | . . . . . Wheel . | . . . . . Hover . | . . . . . Flight . | . . . . . Utility 4 | 1 3 . . . Device 1 | . 1 . . . Storage 2 | 1 1 . . . Processor . | . . . . . Hackware . | . . . . . Protection 1 | . 1 . . . Artifact . | . . . . . Weapon 5 | 2 1 1 1 . Energy Gun . | . . . . . Energy Cannon . | . . . . . Ballistic Gun 2 | 2 . . . . Ballistic Cannon . | . . . . . Launcher 2 | . 1 1 . . Special Weapon . | . . . . . Impact Weapon . | . . . . . Slashing Weapon . | . . . . . Piercing Weapon . | . . . . . Special Melee Weapon 1 | . . . 1 . Unidentified Prototypes . | . . . . . Parts Lost 10 | . 2 . . 8 Power 2 | . 1 . . 1 Propulsion 4 | . 1 . . 3 Utility . | . . . . . Weapon 4 | . . . . 4 Highest Loss Streak 7 | . 1 . . 7 To Critical Strikes . | . . . . . Average Backups 6 | 1 4 6 9 7 Power . | . . 1 1 . Propulsion . | . . 1 1 . Utility 1 | . . 1 2 3 Weapon 2 | . 1 2 4 1 Tool/Special . | . . . . . Unused Backups 4 | . . . . 4 Power . | . . . . . Propulsion . | . . . . . Utility 3 | . . . . 3 Weapon 1 | . . . . 1 Tool/Special . | . . . . . Average Slot Usage (%) 89 | . 98 100 85 75 Engine 13 | . 12 14 14 13 Treads 26 | . 27 28 28 22 Device 9 | . 12 14 14 . Storage 14 | . 14 14 14 14 Ballistic Gun 13 | . 21 14 . 10 Launcher 7 | . 6 14 . 13 Special Melee Weapon 3 | . . . 13 . Peak Build Rating 8 | 6 7 8 8 8 Average Rating 7 | 4 6 7 7 7 On Entrance 5 | . 6 7 8 8 Avg Prop Armor Cover (%) . | . . . . . Naked Turns . | . . . . . Heaviest Build 32 | 14 32 32 27 31 Greatest Support 40 | 40 40 40 40 40 Greatest Overweight (x) 8 | 3 . . . 8 Average Overweight (x) . | . . . . . Largest Inventory Capacity 15 | 8 15 15 15 15 Average Capacity 14 | 7 14 15 15 15 Most Carried 11 | 5 6 7 10 11 Average Carried 6 | 2 4 6 9 7 Final Capacity 15 | 8 15 15 15 15 Final Carried 10 | 2 6 7 10 9 Class Distribution -------------------- 100% | Mutant Dominant Class ---------------- Mutant | -10/Materials Mutant | -10/Mines Mutant | -10/Exiles Mutant | -9/Mines Resources | -11 -10 -10 -10 -9 ----------- Run | Yrd Mat Min Exi Min Matter Collected 1072 | 241 431 37 165 198 Remotely . | . . . . . Salvage Created 688 | . 648 . . 40 Parts 49 | . 44 . . 5 Haulers Intercepted 2 | . 2 . . . Recyclers Shooed . | . . . . . Parts Field Recycled . | . . . . . Retrieved Matter . | . . . . . Parts Self-Destructed . | . . . . . Prevented . | . . . . . Parts Restored . | . . . . . Kills | -11 -10 -10 -10 -9 ------- Run | Yrd Mat Min Exi Min Combat Hostiles Destroyed 29 | . 14 . . 15 Guns 12 | . 10 . . 2 AOE 17 | . 4 . . 13 Classes Destroyed 8 | . 7 . . 1 Worker 2 | . 1 . . 1 Builder 1 | . 1 . . . Hauler 2 | . 2 . . . Operator 2 | . 2 . . . Watcher 3 | . 3 . . . Swarmer 8 | . 3 . . 5 Grunt 11 | . 11 . . . Assembled 10 | . . . . 10 Best Kill Streak 9 | . 6 . . 9 Combat Bots Only 9 | . 5 . . 9 Max Kills in Single Turn 3 | . 3 . . 3 Gunslinging . | . . . . . Exploded 3 | . 2 . . 3 Melee . | . . . . . Uniques/NPCs Destroyed . | . . . . . Combat | -11 -10 -10 -10 -9 -------- Run | Yrd Mat Min Exi Min Hostile Shots Fired 120 | . 47 . . 73 Missed 39 | . 12 . . 27 Hits 81 | . 35 . . 46 Melee 6 | . . . . 6 Projectile 75 | . 35 . . 40 Critical Strikes 1 | . 1 . . . Damage Taken 1431 | . 644 . . 787 Core 258 | . 72 . . 186 Absorbed by Shields . | . . . . . Regen/Repaired (Parts) 90 | . 90 . . . Core Remaining (%) 100 | 100 . . . . Volleys Fired 88 | . 72 . . 16 Largest 2 | . 2 . . 2 Hottest 53 | . 50 . . 53 Shots Fired 140 | . 120 . . 20 Gun 118 | . 110 . . 8 Cannon . | . . . . . Launcher 22 | . 10 . . 12 Special . | . . . . . Kinetic 118 | . 110 . . 8 Thermal . | . . . . . Explosive 22 | . 10 . . 12 Electromagnetic . | . . . . . Robot Hit Streak 7 | . 7 . . 7 Robot Miss Streak 4 | . 4 . . 3 Penetration Max . | . . . . . Secondary Targets . | . . . . . Shots Hit Robots 89 | . 73 . 5 11 Core Hits 70 | . 42 . . 28 Critical Kills . | . . . . . Critical Parts Destroyed . | . . . . . Critical Strikes . | . . . . . Melee Attacks 5 | . . . 5 . Impact . | . . . . . Slashing . | . . . . . Piercing . | . . . . . Sneak Attacks 5 | . . . 5 . Combat Hostiles . | . . . . . Follow-up Attacks . | . . . . . Damage Inflicted 2226 | . 1282 . . 944 Guns 941 | . 862 . . 79 Cannons . | . . . . . Explosions 1244 | . 420 . . 824 Melee . | . . . . . Ramming 41 | . . . . 41 Kinetic 941 | . 862 . . 79 Thermal 18 | . 18 . . . Explosive 1226 | . 402 . . 824 Electromagnetic . | . . . . . Impact . | . . . . . Slashing . | . . . . . Piercing . | . . . . . Highest Corruption 6 | . 5 5 5 6 Average Corruption 4 | . 3 5 5 5 Corruption Purged . | . . . . . Corruption Blocked . | . . . . . Effects 63 | . 16 4 17 26 Message Errors 14 | . 5 1 3 5 Matter Fused 16 | . 2 2 7 5 Heat Flow Errors 8 | . 3 1 . 4 Energy Discharges 9 | . 3 . 2 4 Parts Rejected 1 | . . . . 1 Data Loss (minor) 7 | . 1 . 3 3 Data Loss (major) 3 | . 1 . 1 1 Misfires 3 | . 1 . . 2 Alerts 1 | . . . 1 . Weapon Failures 1 | . . . . 1 Overload Shots . | . . . . . Overflow Damage 78 | . 26 . . 52 Projectiles . | . . . . . Explosions 78 | . 26 . . 52 Melee . | . . . . . Knockbacks . | . . . . . Impact . | . . . . . Kinetic . | . . . . . Secondary . | . . . . . Self-Inflicted Damage 231 | . 116 . . 115 Shots 7 | . 3 . . 4 Rammed 5 | . . . . 5 Targets Rammed 6 | . . . . 6 Kicked . | . . . . . Crushed 1 | . . . . 1 Highest Temperature 273 | . 269 231 . 273 Average Temperature 84 | . 72 118 . 90 Received Heat Transfer 321 | . 243 . . 78 Siege Activations . | . . . . . Martial Activations . | . . . . . Shielding Activations . | . . . . . Robots Disrupted . | . . . . . Combat Hostiles . | . . . . . Robots Corrupted . | . . . . . Combat Hostiles . | . . . . . Parts Fried . | . . . . . Impact Corruptions . | . . . . . Robots Melted . | . . . . . Combat Hostiles . | . . . . . Parts Melted . | . . . . . Heat Transferred 50 | . 50 . . . Parts Sabotaged . | . . . . . Parts Stolen . | . . . . . Parts Stripped . | . . . . . Power Chain Reactions . | . . . . . Alert | -11 -10 -10 -10 -9 ------- Run | Yrd Mat Min Exi Min Maximum Alert Level 1 | . 1 . . . Low Security (%) 86 | 100 76 100 . 100 Level 1 13 | . 23 . . . Level 2 . | . . . . . Level 3 . | . . . . . Level 4 . | . . . . . Level 5 . | . . . . . High Security . | . . . . . Max Security . | . . . . . Peak Influence 245 | . 245 83 . 93 Initial 83 | . . 83 . . Average 67 | . 100 48 . 21 Influence Increases 803 | . 550 . . 253 Destroy 0b10 Robot/C 420 | . 280 . . 140 Destroy 0b10 Robot/NC 50 | . 45 . . 5 Destroy Leader 80 | . 60 . . 20 Allied During Kill 13 | . . . . 13 Successful Hack 38 | . 38 . . . Disable Machine 60 | . 45 . . 15 Destroy Structure 112 | . 52 . . 60 Lose Combat Pursuer 30 | . 30 . . . Influence Decreases 803 | . 336 201 13 253 Entered New Map 144 | . . 131 13 . Time Decay 543 | . 316 70 . 157 Lost Part 76 | . 20 . . 56 Lost Ally 40 | . . . . 40 Squads Dispatched 3 | . 2 . . 1 Investigation 1 | . 1 . . . Extermination . | . . . . . Reinforcement 1 | . 1 . . . Assault 1 | . . . . 1 Garrison . | . . . . . Intercept . | . . . . . Searches Triggered . | . . . . . Construction Impeded . | . . . . . Haulers Reinforced . | . . . . . Active Scanning Responses . | . . . . . Cargo Convoy Interrupts . | . . . . . Stealth | -11 -10 -10 -10 -9 --------- Run | Yrd Mat Min Exi Min Distress Signals 2 | . 2 . . . Communications Jammed . | . . . . . Distress Signals . | . . . . . Times Spotted 51 | . 26 . . 25 Peak Tracking Total 10 | . 4 . . 10 Tactical Retreats 3 | . 2 . . 1 Traps | -11 -10 -10 -10 -9 ------- Run | Yrd Mat Min Exi Min Traps Triggered 6 | . 6 . . . Indirectly . | . . . . . Trap Hack Attempts . | . . . . . Triggered . | . . . . . Disarmed . | . . . . . Reprogrammed . | . . . . . Reused . | . . . . . Traps Extracted . | . . . . . Installed . | . . . . . Triggered . | . . . . . Machines | -11 -10 -10 -10 -9 ---------- Run | Yrd Mat Min Exi Min Machines Disabled 4 | . 3 . . 1 Max in Single Turn 2 | . 2 . . 1 Machines Repaired . | . . . . . Machines Dismantled . | . . . . . Machines Sabotaged . | . . . . . Overloaded Fab Kills . | . . . . . Hacking | -11 -10 -10 -10 -9 --------- Run | Yrd Mat Min Exi Min Machines Accessed 9 | . 7 . 2 . Terminals 6 | . 6 . . . Fabricators . | . . . . . Repair Stations 1 | . 1 . . . Recycling Units . | . . . . . Scanalyzers . | . . . . . Garrison Access . | . . . . . Total Hacks 26 | . 21 . 5 . Successful 13 | . 8 . 5 . Failed 13 | . 13 . . . Catastrophic 1 | . 1 . . . Database Lockouts . | . . . . . Manual 18 | . 17 . 1 . Terminals 17 | . 17 . . . Fabricators . | . . . . . Repair Stations 4 | . 4 . . . Recycling Units . | . . . . . Scanalyzers . | . . . . . Garrison Access . | . . . . . Terminal Hacks 8 | . 3 . 5 . Record 4 | . . . 4 . Terminal Index 1 | . 1 . . . Repair Station Index 1 | . 1 . . . Recycling Unit Index 1 | . 1 . . . Proto ID Catalog 1 | . . . 1 . Fabricator Hacks . | . . . . . Repair Station Hacks 2 | . 2 . . . Scan Component 1 | . 1 . . . Repair 1 | . 1 . . . Recycling Unit Hacks . | . . . . . Scanalyzer . | . . . . . Garrison Access Hacks . | . . . . . Unauthorized Hacks 3 | . 3 . . . Terminals 3 | . 3 . . . Assimilate 1 | . 1 . . . Botnet 1 | . 1 . . . Operators 1 | . 1 . . . Fabricators . | . . . . . Repair Stations . | . . . . . Recycling Units . | . . . . . Scanalyzers . | . . . . . Garrison Access . | . . . . . Data Cores Recovered . | . . . . . Used . | . . . . . Hacking Detections 5 | . 5 . . . Full Trace Events 3 | . 3 . . . Feedback Events . | . . . . . Feedback Blocked . | . . . . . Robot Schematics Acquired . | . . . . . Robots Built . | . . . . . Authchips . | . . . . . Time . | . . . . . Total Robot Build Rating . | . . . . . Part Schematics Acquired . | . . . . . Parts Built . | . . . . . Authchips . | . . . . . Time . | . . . . . Total Part Build Rating . | . . . . . Part Studies Acquired . | . . . . . Parts Repaired 1 | . 1 . . . Time 26 | . 26 . . . Parts Recycled . | . . . . . Recycled Matter . | . . . . . Retrieved Matter . | . . . . . Retrieved Components . | . . . . . Parts Scanalyzed . | . . . . . Part Schematics Acquired . | . . . . . Parts Damaged . | . . . . . Bothacking | -11 -10 -10 -10 -9 ------------ Run | Yrd Mat Min Exi Min Used RIF Installer . | . . . . . Robots Hacked 4 | . . . 4 . Non-combat 3 | . . . 3 . Combat 1 | . . . 1 . Robot Hacks Applied 5 | . . . 5 . parse_system 5 | . . . 5 . Relay Couplers Released . | . . . . . Fabnet Peak Effective % . | . . . . . Robots Rewired . | . . . . . Allies Hacked . | . . . . . Hacks Repelled . | . . . . . Allies | -11 -10 -10 -10 -9 -------- Run | Yrd Mat Min Exi Min Total Allies 3 | . . . . 3 Largest Group 2 | . . . . 2 Highest-Rated Group 41 | . . . . 41 Highest-Rated Ally 31 | . . . . 31 Total Orders . | . . . . . Ally Attacks 12 | . . . . 12 Total Damage 163 | . . . . 163 Kills 3 | . . . . 3 Allies Corrupted . | . . . . . Allies Melted . | . . . . . Intel | -11 -10 -10 -10 -9 ------- Run | Yrd Mat Min Exi Min Active Infowar (turns) 1991 | . 1150 157 682 2 Seismic 1991 | . 1150 157 682 2 Robot Analysis Total . | . . . . . Derelict Logs Recovered 3 | . . 1 . 2 Drone Launches . | . . . . . Drone Recoveries . | . . . . . Exploration | -11 -10 -10 -10 -9 ------------- Run | Yrd Mat Min Exi Min Turns Passed 3009 | 76 1332 157 682 762 Spaces Moved 1400 | 40 496 97 420 347 Core 48 | 17 . . . 31 Treads 1352 | 23 496 97 420 316 Legs . | . . . . . Wheels . | . . . . . Hover . | . . . . . Flight . | . . . . . Fastest Speed 50 | 50 160 160 160 160 Average Speed 166 | 154 160 160 160 185 Slowest Speed 450 | 200 160 160 160 450 Overloaded Moves . | . . . . . Propulsion Burnouts . | . . . . . Robots Hopped . | . . . . . Potential Cave-ins . | . . . . . Cave-ins Triggered . | . . . . . Exploration Rate (%) 52 | 4 87 31 71 68 Regions Visited 4 Branch Regions 3 Pre-discovered Areas 1 | . . . 1 . Known Exits Taken . | . . . . . Unknown Exits Taken 4 | 1 1 1 1 . Scrap Searched 2 | . . 1 . 1 Spaces Dug 13 | . . . . 13 Terrain Destroyed 145 | . 53 . . 92 Melee . | . . . . . Projectile . | . . . . . AOE 145 | . 53 . . 92 Terrain Rammed . | . . . . . Walls Destroyed . | . . . . . Machines Disabled . | . . . . . Actions | -11 -10 -10 -10 -9 --------- Run | Yrd Mat Min Exi Min Total 1943 | 54 914 98 429 448 Wait 381 | . 326 . . 55 Move 1396 | 39 495 96 419 347 Hop . | . . . . . Pick Up 30 | 8 10 1 2 9 Fast Attach . | . . . . . Attach 18 | 6 3 . 1 8 Detach 4 | . . . 2 2 Swap 8 | 1 6 1 . . Drop 7 | . 2 . . 5 Fire 88 | . 72 . . 16 Melee 5 | . . . 5 . Ram . | . . . . . Kick . | . . . . . Crush 6 | . . . . 6 Escape Stasis . | . . . . . Rewire . | . . . . . Trap . | . . . . . Miscellaneous . | . . . . . Route ------- -11/Scrapyard -10/Materials (discovered 5 exits: [*Mat x3] / [*Min x2]) -10/Mines -10/Exiles -9/Mines (discovered 2 exits: [*Mat x2]) History --------- Turn | Location | Event 22 | -11/Scrapyard | Discovered new exit (range 15) 77 | -11/Scrapyard | Entered Materials 106 | -10/Materials | Discovered new exit (range 11) 182 | -10/Materials | Discovered new exit (range 9) 300 | -10/Materials | Build established: Mutant 342 | -10/Materials | Discovered new exit (range 9) 1159 | -10/Materials | Discovered new exit (range 3) 1225 | -10/Materials | Discovered new exit (range 9) 1330 | -10/Materials | Repaired Lgt. Treads 1409 | -10/Materials | Entered Mines 1419 | -10/Mines | Learned 2 Materials zone layouts 1512 | -10/Mines | Received a Rocket Launcher from a helpful Derelict 1559 | -10/Mines | Deemed a non-threat by the Exiles lab entrance 1559 | -10/Mines | Discovered new exit (range 5) 1566 | -10/Mines | Entered Exiles 1605 | -10/Exiles | Met 8R-AWN 1640 | -10/Exiles | Met EX-HEX 1691 | -10/Exiles | Met EX-BIN 1733 | -10/Exiles | Aligned with FarCom system 1735 | -10/Exiles | Given EX-Vault access code 1771 | -10/Exiles | Opened EX-Vault 1783 | -10/Exiles | Found Trap Reconfigurator 1814 | -10/Exiles | Warned to stay clear of 0b10 Research branches 1862 | -10/Exiles | Met EX-DEC 2100 | -10/Exiles | Learned location of Zion (-7) 2236 | -10/Exiles | Discovered new exit (range 10) 2248 | -10/Exiles | Left Exiles lab with Trap Reconfigurator 2248 | -10/Exiles | Entered Mines 2280 | -9/Mines | Learned location of 1 exit from Lower Caves 2287 | -9/Mines | Learned Materials terminal intel 2539 | -9/Mines | Discovered new exit (range 7) 2808 | -9/Mines | Assembled infested the area 2847 | -9/Mines | Core integrity fell below 50% 2861 | -9/Mines | Core integrity fell below 20% 2891 | -9/Mines | Destroyed 9 combat bots 2901 | -9/Mines | Lost 7 parts (1p3n3w) 2932 | -9/Mines | Met a Derelict testing a Signal Generator 2945 | -9/Mines | Discovered new exit (range 8) 3010 | -9/Mines | Destroyed by G-34 Mercenary with Small Laser Last Messages --------------- System corrupted: Energy discharge (-26). K-01 Serf collects debris. U-05 Engineer lays Concrete. K-01 Serf collects debris. U-05 Engineer lays Concrete. Acquired Launcher Guidance Computer. U-05 Engineer lays Concrete. EI-OUO(g): "Looks like the friends we called actually did show up to play. Couldn't you guys just take that other tunnel?" C-45 Heavy ARC: "LOCATED POTENTIAL SOURCE OF ANOMALOUS SIGNAL. NEUTRALIZING." C-45 Heavy ARC bursts open, deploying its payload. G-47 Trooper unfolds itself. G-34 Mercenary unfolds itself. I-25 Savior unfolds itself. Grenade Launcher destroyed. U-05 Engineer lays Concrete. [Achievement: Deductive Reasoning] Map ----- +----------------------------------------------------+ | ???????????????????????????# ## ## | | ???????????????????????????# ?## #? | | ???????????????????????????# ??## ###### #? | | ????????????##?????????????# #??# #????## # | | ???????????## #???????????# #??# #?????## # | | ???????????# ??????##### #### ##?????##### | | ???????????# ??????? ## # ##?????????? | | ???????????# ?????????# ## ##?????????? | | ???????????# ?????????# ##?????????? | | ???????????# #?###??### ####?????????? | | ????????????# ########## # # #??????????? | | ?????????????# # # # #??????????? | | ????????????## ##?????????? | | ????????????# %< #?????????? | | ????????????# g #?????????? | | ????????????# % # # ##?????????? | | ????????????# i ## #??????????? | | ????????????## ####gg## # # #??????????? | | ?????????????#???# # ## ##??????????? | | ????????????????## # # #???????????? | | ????????????????# l ###### #??????????? | | ????????????????# kg ##????## ?????????? | | ????????????????## # #?????## ????????? | | ????????????????# # ###????? ????????? | | ????????????????# # ##????# ????????? | | ????????????????## # @ < ##????# ?????????? | | ?????????????????### #????????????????? | | ??????????????????# ##????????????????? | | ??????????????????## ######?????????????????? | | ???????????????????####??????????????????????? | | ?????????????????????????????????????????????? | | ?????????????????????????????????????????????? | | ?????????????????????????????????????????????? | | | | | | | | | | | | | | | | | | | | | | | | | | | | | | | | | | | +----------------------------------------------------+ Best States ------------- Heat Dissipation 25 Energy Generation 10 Energy Capacity 250 Matter Stores 300 Matter Capacity 300 Sight Range 16 Terrain Scan Density 10 Armor Coverage 150 Evasion (%) 40 Recoil Reduction 2 Item Schematics ----------------- None Robot Schematics ------------------ None Fabricated ------------ Nothing Repaired ---------- Lgt. Treads | 35% | -10/Materials Studied --------- None Alien Tech Used ----------------- None Achievements -------------- Deductive Reasoning Challenges ------------ None Game ------ Seed PoweredSlugChainsword Manual? 0 Play Time 00:22:12 Cumulative 13.3 hours Start 2026.01.22 @ 17:41:24 End 2026.01.22 @ 18:02:55 Sessions 1 Manual Loads 0 Difficulty Rogue Special Mode None Game No. 24 Rogue 24 Adventurer 0 Explorer 0 Win Type - Total 0 Types 0/0/0/0/0/0/0/0/0/0 Lore% 12 Gallery% 17 Achievement% 16 Wizard Run 0 Options --------- Layout 2 ASCII 0 Keyboard 0 Movement Mouse Keybinds 0 Fullscreen 1 Font 24/Smallcaps Map View 50x44 Zoom Use 0% Tactical HUD 0 Map Filters NONE Filters NONE Steam 1 RUN: 6a9cd58c-28d6-4910-878e-9fa0fec45e52